 Dungeon Crawl Stone Soup version 0.30-a0-782-ge64f9170bb (webtiles) character file.

Game seed: 18158288839363144785

189 Dirian the Chopper (level 5, -1/47 HPs)
             Began as a Minotaur Fighter on Mar 8, 2023.
             Slain by Sigmund
             ... wielding a +0 scythe
              (7 damage)
             ... on level 4 of the Dungeon.
             The game lasted 00:03:33 (2418 turns).

Dirian the Chopper (Minotaur Fighter)               Turns: 2418, Time: 00:03:34

Health: -1/47      AC:  8    Str: 28    XL:     5   Next: 40%
Magic:  4/4        EV:  9    Int:  5    God:
Gold:   148        SH:  4    Dex: 10    Spells: 4/4 levels left

rFire   + . .      SeeInvis .    a - +0 war axe
rCold   . . .      Faith    +    c - +0 buckler
rNeg    . . .      Spirit   .    b - +0 scale mail
rPois   .          Reflect  .    (helmet restricted)
rElec   .          Harm     .    s - +0 cloak
rCorr   .          Rampage  .    (no gloves)
Will    .....                    (no boots) Stlth
                                 e - amulet of faith
HPRegen 0.27/turn                i - ring of protection from fire
MPRegen 0.09/turn                l - +6 ring of strength

@: no status effects
A: horns 2, retaliatory headbutt
a: no special abilities


You were on level 4 of the Dungeon.
You visited 1 branch of the dungeon, and saw 4 of its levels.

You collected 148 gold pieces.

Inventory:

Hand Weapons
 a - a +0 war axe (weapon)
 v - a +0 flail
Armour
 b - a +0 scale mail (worn)
 c - a +0 buckler (worn)
 s - a +0 cloak (worn)
Jewellery
 e - an amulet of faith (around neck)
 i - a ring of protection from fire (left hand)
 l - a +6 ring of strength (right hand)
 u - a ring of protection from cold
Scrolls
 f - 2 scrolls of magic mapping
 h - a scroll of fog {unknown}
 j - a scroll of amnesia
 m - a scroll of blinking {unknown}
 o - a scroll of teleportation {unknown}
 t - a scroll of immolation {unknown}
Potions
 d - a potion of might
 g - a potion of lignification
 n - 2 potions of resistance
 q - a potion of curing
 w - a potion of heal wounds


   Skills:
 + Level 4.4 Fighting
 + Level 5.0 Axes
 + Level 4.8 Armour
 + Level 4.3 Shields


You had 4 spell levels left.
You didn't know any spells.
Your spell library contained the following spells:

 Spells                   Type           Power      Damage    Failure   Level
 Magic Dart               Conj           0%         1d3       82%         1
 Cigotuvi's Dreadful Rot  Necr/Pois/Air  0%         N/A       91%         2
 Poisonous Vapours        Pois/Air       0%         N/A       91%         2
 Searing Ray              Conj           0%         2d4       91%         2
 Mephitic Cloud           Conj/Pois/Air  0%         N/A       99%         3
 Fulminant Prism          Conj/Hex       0%         3d5       100%        4


Dungeon Overview and Level Annotations

Branches:
Dungeon (4/15) Zot: 21530
 Temple: D:4-7

Altars:

Annotations:
D:4 Sigmund


Innate Abilities, Weirdness & Mutations

You have a pair of horns on your head.
You reflexively headbutt those who attack you in melee.


Message History

The hound closely misses you. The hound bites you.
You closely miss the hound. Your headbutt misses the hound.
The hound closely misses you. Something hits you. You block the hound's attack.
You barely miss the hound. Your headbutt misses the hound.
You block the hound's attack. Something hits you! The hound barely misses you.
You hit the hound but do no damage. The hound barely misses you.
You furiously retaliate!
You headbutt the hound. Something hits you but does no damage.
The hound bites you but does no damage.
You closely miss the hound. Your headbutt misses the hound.
The hound is moderately wounded.
You hit the hobgoblin. The hound bites you but does no damage.
Something hits you but does no damage.
The hobgoblin hits you but does no damage.
The hound closely misses you.
You hit the hound.
The hound is heavily wounded.
You hit the hobgoblin.
You kill the hobgoblin!
The hound bites you but does no damage. Something hits you.
You closely miss the hound.
The hound is heavily wounded.
The hound barely misses you. You furiously retaliate!
You headbutt the hound!
You kill the hound!
Your Axes skill increases to level 5!
You hear some strange, mumbled words.
You are confused.
You completely miss something. Your headbutt misses something.
Something hits you.
* * * LOW HITPOINT WARNING * * *
You miss something. Something hits you.
* * * LOW HITPOINT WARNING * * *
Something hits you but does no damage.
You see here a +0 short sword.
You're too confused to move!
Something hits you.
* * * LOW HITPOINT WARNING * * *
You feel less confused.
You closely miss something. Something hits you.
* * * LOW HITPOINT WARNING * * *
You closely miss something. Something hits you!
You die...

..... .# .....(. .##.
........ ... ........ ..
# .........##.# ..
..............#....###...
..........###............
...........#.....).....(.
.#..............@........
.##......###...{†).......
........# #.....##..##..
........#####...## ..# .
........##.......# ###
..>..#......#....#
<.##.##....####.....
............# ##....#
............# ..##.


There were no monsters in sight!

Vanquished Creatures
  A hound (D:4)
  5 gnolls
  3 adders
  An ufetubus (D:3)
  3 worms
  3 dart slugs
  7 endoplasms
  3 giant cockroaches
  3 goblins
  6 hobgoblins
  6 jackals
  8 kobolds
  3 quokkas
  4 ball pythons
  3 bats
  2 frilled lizards
  4 rats
  A bush (D:2)
66 creatures vanquished.

Vanquished Creatures (others)
  6 plants (D:1)
6 creatures vanquished.

Grand Total: 72 creatures vanquished

Notes
Turn   | Place    | Note
-------+----------+-------------------------------------------
     0 | D:1      | Dirian the Minotaur Fighter began the quest for the Orb.
     0 | D:1      | Reached XP level 1. HP: 19/19 MP: 0/0
   110 | D:1      | Reached XP level 2. HP: 12/27 MP: 1/1
   258 | D:1      | Reached skill level 3 in Axes
   369 | D:1      | Reached XP level 3. HP: 33/33 MP: 2/2
  1350 | D:2      | Reached XP level 4. HP: 40/40 MP: 3/3
  1475 | D:3      | Reached skill level 4 in Axes
  2078 | D:3      | Reached XP level 5. HP: 41/47 MP: 4/4
  2391 | D:4      | Noticed Sigmund
  2411 | D:4      | Reached skill level 5 in Axes
  2418 | D:4      | Slain by Sigmund

Illustrated notes

Levels and vault maps discovered:
D:1:      minmay_arrival_radiant_lines, layout_loops_ring, nicolae_grassy_gnolls
D:2:      layout_rooms, minmay_hedge_maze, moated_statue, st_stairs_2
D:3:      layout_basic, kennysheep_generic_room_5
D:4:      layout_cave_pools, nicolae_ru_sacrificial_ziggurat,
          nicolae_shop_sticking_my_neck_out, uniq_sigmund

Skill      XL: |  1  2  3  4  5 |
---------------+----------------+-----
Armour         | 4 |  4.8
Shields        | 4 |  4.3
Fighting       | 4 |  4.4
Axes           | 3 4 5 |  5.0

Action                     |  1- 3 |  4- 6 || total
---------------------------+-------+-------++-------
  Melee: War axe           |   128 |    68 ||   196
         Headbutt          |    26 |     9 ||    35
    Use: Potion            |     2 |     3 ||     5
         Scroll            |     1 |     2 ||     3
 Armour: Scale mail        |    36 |    38 ||    74
  Dodge: Dodged            |    47 |    33 ||    80
  Block: Buckler           |    28 |    15 ||    43

Table legend: (Time is in decaauts)
 A = Elapsed time spent in this place.
 B = Non-inter-level travel time spent in this place.
 C = Inter-level travel time spent in this place.
 D = Time resting spent in this place.
 E = Time spent auto-exploring this place.
 F = Levels seen in this place.
 G = Mean time per level.
                   A        B        C        D        E       F      G
               +--------+--------+--------+--------+--------+-----+--------+
         Total |   2468 |   2347 |    121 |    128 |   1733 |   4 |  617.0 |
       Dungeon |   2468 |   2347 |    121 |    128 |   1733 |   4 |  617.0 |
               +--------+--------+--------+--------+--------+-----+--------+

Top non-repeatable levels by time:
     D:3: 960 daAuts
     D:1: 765 daAuts
     D:2: 700 daAuts
     D:4: 42 daAuts
